Map: Overgrowth LE (Void)

Players

Doghum

  • Race: Terran Terran
  • League: Diamond
  • Spawn Location: 7:00

Emil - Winner!

  • Race: Zerg Zerg
  • League: Diamond
  • Spawn Location: 1:00

VOD

Have the link to the VOD?

Description

Time

  • Played on: Nov. 28, 2016, 9:08 a.m.
  • Length: 5:28
Show
View Real Time Build Order
Export as new Build Order

Doghum Terran 

Build Orders:  

Get SALT Encoding   

  12  0:01  SCV  
  13  0:13  SCV  
  14  0:17  Supply Depot  
  14  0:25  SCV  
  15  0:31  Refinery  
  15  0:41  Barracks  
  15  0:44  SCV  
  16  0:51  Refinery  
  17  0:57  SCV  
  17  1:09  SCV  
  18  1:21  SCV  
  19  1:28  Marine  
  19  1:31  Factory  
  20  1:38  Orbital Command  
  20  1:51  Barracks Reactor  
  20  2:05  SCV  
  21  2:15  Armory  
  21  2:21  Supply Depot  
  21  2:27  Marine x2  
  23  2:36  Factory Tech Lab, Supply Depot  
  23  2:47  Marine x2  
  25  3:01  Thor  
  31  3:06  Marine x2  
  31  3:11  Supply Depot  
  31  3:12  SCV  
  34  3:24  Marine x2  
  34  3:26  SCV  
  37  3:54  Hellion  
  37  3:55  Hellion  
  43  3:56  Marauder  
  43  4:08  SCV  
  44  4:16  Hellion  
  46  4:27  Supply Depot  
  46  4:35  Supply Depot  
  46  4:43  Hellion x2, Marauder  
  32  5:04  Hellion, Marauder  
Show
View Real Time Build Order
Export as new Build Order

Emil Zerg - Winner!

Build Orders: Hatch First 

Get SALT Encoding   

  12  0:01  Drone  
  13  0:13  Overlord  
  13  0:25  Drone  
  14  0:43  Drone  
  14  0:44  Drone x2  
  17  0:56  Hatchery  
  16  1:00  Drone  
  16  1:03  Extractor  
  16  1:19  Spawning Pool  
  16  1:23  Drone x2  
  17  1:31  Drone  
  18  1:41  Drone  
  19  1:51  Drone  
  20  1:59  Drone  
  21  2:06  Queen  
  22  2:12  Drone x2  
  22  2:14  Queen  
  26  2:23  Metabolic Boost  
  26  2:28  Drone  
  26  2:29  Drone  
  28  2:40  Extractor  
  28  2:41  Zergling x2  
  28  2:43  Overlord  
  28  2:58  Overlord  
  28  3:04  Pneumatized Carapace  
  28  3:06  Drone x5  
  33  3:17  Roach Warren, Drone  
  33  3:18  Drone x4  
  37  3:35  Drone x2  
  37  3:39  Lair  
  39  3:41  Extractor  
  39  3:44  Evolution Chamber  
  36  3:57  Roach  
  36  3:58  Roach x3  
  36  3:59  Overlord  
  44  4:07  Spine Crawler  
  43  4:10  Overlord  
  43  4:12  Spine Crawler  
  42  4:21  Ravager x2  
  42  4:23  Zergling x10  
  49  4:26  Queen  
  51  4:36  Zergling x8  
  46  5:01  Roach  
  46  5:02  Roach x3  
  51  5:16  Drone  
  51  5:19  Extractor  
Tags
 
Add a new tag
Caveats
  • Supply blocks, unpowered buildings, or Contaminate may cause inaccurate times.
  • Supply counts are checked every 10 seconds.